 Dungeon Crawl Stone Soup version 0.31.0-11-ge490571c62 (webtiles) character file.

Game seed: 10825697128807682996

11931 mopl the Toxicologist (level 11, -11/70 HPs)
             Began as an Octopode Alchemist on Feb 10, 2024.
             Was a Priest of Vehumet.
             Hit by a large rock thrown by a cyclops (41 damage)
             ... on level 10 of the Dungeon.
             The game lasted 00:22:10 (11157 turns).

mopl the Toxicologist (Octopode Alchemist)         Turns: 11157, Time: 00:22:11

Health: -11/70     AC:  5    Str:  7    XL:     11   Next: 85%
Magic:  9/24       EV: 14    Int: 22    God:    Vehumet [***...]
Gold:   214        SH:  5    Dex: 13    Spells: 20/29 levels left

rFire   . . .        s - staff of air
rCold   . . .        (no shield)
rNeg    . . .        (helmet restricted)
rPois   +            b - amulet of reflection
rElec   +            A - +4 ring of protection
rCorr   .            F - ring of poison resistance
SInv    +            O - ring of see invisible
Will    .....        (no ring)
Stlth   +++          (no ring)
HPRegen 0.31/turn    (no ring)
MPRegen 0.19/turn    (no ring)
                     (no ring)

%: reflection
@: radiating poison
A: almost no armour, amphibious, 8 rings, camouflage 1, gelatinous body 1,
(nimble swimmer 1), tentacles
a: Renounce Religion


You were on level 10 of the Dungeon.
You worshipped Vehumet.
Vehumet was most pleased with you.
You visited 2 branches of the dungeon, and saw 11 of its levels.
You also visited: Ossuary and Bailey.

You collected 1025 gold pieces.
You spent 811 gold pieces at shops.

Inventory:

Hand Weapons
 H - a +5 spear of freezing
Missiles
 i - 14 boomerangs
 y - 2 javelins
 L - 13 poisoned darts
Magical Staves
 s - a staff of air (weapon)
 t - a staff of earth
Jewellery
 b - an amulet of reflection (around mantle)
 A - a +4 ring of protection (left tentacle)
 F - a ring of poison resistance (right tentacle)
 O - a ring of see invisible (on tentacle)
Wands
 G - a wand of light (7)
Scrolls
 c - 10 scrolls of teleportation
 g - 2 scrolls of enchant armour {unknown}
 h - a scroll of silence {unknown}
 l - 4 scrolls of blinking
 m - 5 scrolls of noise
 n - 4 scrolls of poison
 p - 5 scrolls of fog {unknown}
 r - 2 scrolls of immolation
 v - 4 scrolls of identify
 B - a scroll of enchant weapon {unknown}
 C - 2 scrolls of torment {unknown}
 D - 2 scrolls of amnesia
 E - 2 scrolls of butterflies {unknown}
 I - 2 scrolls of revelation
 J - 3 scrolls of vulnerability
 K - 2 scrolls of brand weapon {unknown}
 M - a scroll of fear
Potions
 a - 3 potions of magic
 d - 2 potions of heal wounds
 e - 3 potions of brilliance {unknown}
 f - 2 potions of mutation
 j - 5 potions of curing
 k - 2 potions of invisibility
 o - 4 potions of degeneration {unknown}
 q - 4 potions of attraction
 u - 5 potions of haste {unknown}
 w - 2 potions of cancellation
 x - 4 potions of enlightenment {unknown}
 z - 4 potions of berserk rage
 N - a potion of might


   Skills:
 + Level 4.3 Fighting
 + Level 4.7 Dodging
 - Level 2.6 Stealth
 * Level 9.6 Spellcasting
 * Level 10.2 Conjurations
 * Level 11.5 Alchemy


You had 20 spell levels left.
You knew the following spells:

 Your Spells              Type           Power      Damage    Failure   Level
a - Sting                 Conj/Alch      100%       1d9       1%          1
d - Sticky Flame          Fire/Alch      35%        2d7       1%          4
o - Olgreb's Toxic Radia  Alch           57%        N/A       1%          4

Your spell library contained the following spells:

 Spells                   Type           Power      Damage    Failure   Level
 Stone Arrow              Conj/Erth      66%        3d11      1%          3
 Mercury Vapours          Alch/Air       100%       N/A       1%          2
 Hailstorm                Conj/Ice       33%        3d8       1%          3
 Mephitic Cloud           Conj/Alch/Air  59%        N/A       1%          3
 Alistair's Intoxication  Alch           38%        N/A       1%          5
 Flame Wave               Conj/Fire      33%        2d10      2%          4
 Inner Flame              Hex/Fire       10%        N/A       5%          3
 Apportation              Tloc           20%        N/A       6%          1
 Jinxbite                 Hex            20%        N/A       10%         2
 Summon Ice Beast         Ice/Summ       10%        N/A       19%         3
 Anguish                  Hex/Necr       5%         N/A       54%         4
 Cause Fear               Hex            5%         N/A       54%         4
 Sculpt Simulacrum        Ice/Alch       17%        N/A       65%         6
 Summon Mana Viper        Hex/Summ       10%        N/A       87%         5
 Enfeeble                 Hex            5%         N/A       100%        7
 Monstrous Menagerie      Summ           5%         N/A       100%        7


Dungeon Overview and Level Annotations

Branches:
Dungeon (10/15)            Temple (1/1) D:6            Lair (0/5) D:8
    Orc (0/2) D:10        Ossuary (visited)          Bailey (visited)

Altars:
Ashenzari
Cheibriados
Dithmenos
Elyvilon
Fedhas
Gozag
Hepliaklqana
Kikubaaqudgha
Makhleb
Nemelex Xobeh
Okawaru
Qazlal
Ru
Sif Muna
Trog
Uskayaw
Vehumet
Wu Jian
Xom
Yredelemnul
Zin
The Shining One

Shops:
D:2 ?   D:4 !   D:7 ?

Annotations:
D:7 2 transporters


Innate Abilities, Weirdness & Mutations

You cannot wear most types of armour.
You are amphibious.
You can wear up to eight rings at the same time.
Your skin changes colour to match your surroundings (Stealth+).
Your rubbery body absorbs attacks. (AC +1, EV +1)
((You are camouflaged when in or above water. (Stealth+)))
You have tentacles for arms and can constrict up to eight enemies at once.


Message History

Confirm with . or Enter, or press ? or * to list all spells.
You can't see any susceptible monsters within range! (Use Z to cast anyway.) Unknown command.
Unknown command.
The orc wizard points at you and mumbles some strange words.
The magic dart hits you!
Casting: Sting (safe; 1% risk of failure)
Confirm with . or Enter, or press ? or * to list all spells.
You can't see any susceptible monsters within range! (Use Z to cast anyway.) Unknown command.
Unknown command.
Casting: Sting (safe; 1% risk of failure)
Confirm with . or Enter, or press ? or * to list all spells.
You begin to radiate toxic energy.
The orc wizard looks even sicker.
Unknown command.
Found a scroll of identify.
Casting: Olgreb's Toxic Radiance (safe; 1% risk of failure)
Confirm with . or Enter, or press ? or * to list all spells.
Aiming: Sting (safe; 1% risk of failure)
Press: ? - help, Shift-Dir - straight line, f - orc wizard
Aim: an orc wizard, wielding a +0 dagger and wearing a +0 robe (almost dead, very poisoned, 72% to hit)
The sting hits the orc wizard!
The orc wizard looks even sicker.
You kill the orc wizard!
Vehumet accepts your kill.
You feel your power returning.
Your toxic aura wanes.
Things that are here:
a +0 dagger; a +0 robe; an orc corpse A cyclops comes into view.
Items here: $ ) [ †.
Casting: Sting (safe; 1% risk of failure)
Confirm with . or Enter, or press ? or * to list all spells.
You begin to radiate toxic energy.
The kobold is poisoned.
The cyclops shouts!
The cyclops is poisoned.
You kill the kobold!
Vehumet accepts your kill.
The cyclops throws a large rock.
The large rock hits you!!!
Ouch! That really hurt!
You die...

##.# #. #...#####
#.. #...#
#..#########...####
....................
....................
...........########
. .##.........#
....##..)......#
....)..@.##....#
.........##......
#.................
........?......###
..............##..#
..>...........# ..#
.........[.....
.......C..........#
.............# ...##


You could see a cyclops (poisoned).

Vanquished Creatures
  2 vault guards (Bailey)
  2 two-headed ogres (D:10)
  Pikel (D:4)
  An unseen horror (D:10)
  A komodo dragon (D:7)
  A hornet (D:10)
  Prince Ribbit (Bailey)
  Sigmund (D:4)
  A shadow (D:10)
  2 wyverns
  7 yaks
  A basilisk (D:8)
  6 humans
  Edmund (D:4)
  A water moccasin (D:8)
  4 orc warriors
  2 black bears
  3 ice beasts
  A sky beast (D:6)
  3 ogres (D:6)
  A centaur (D:8)
  A phantom (D:6)
  A kobold brigand (D:8)
  6 bullfrogs (Bailey)
  11 scorpions
  A gnoll sergeant (D:6)
  17 wights
  14 killer bees
  A howler monkey (D:5)
  A centaur zombie (Ossuary)
  4 hounds
  2 human zombies (Ossuary)
  2 jellies
  3 bombardier beetles
  2 orc priests
  3 iguanas
  A sleepcap (D:4)
  3 scorpion zombies (Ossuary)
  A gnoll bouda (D:7)
  Natasha (thrice) (D:4)
  13 orc wizards
  3 mummies (Ossuary)
  Robin (D:4)
  10 gnolls
  8 adders
  A shadow imp (D:8)
  3 white imps
  2 ufetubi (D:5)
  3 adder zombies (Ossuary)
  2 ribbon worms
  3 dart slugs
  25 orcs
  4 bats
  8 endoplasms
  4 giant cockroaches
  14 goblins
  13 hobgoblins
  3 jackals (D:2)
  14 kobolds
  8 quokkas
  6 ball pythons
  2 ball python zombies (Ossuary)
  3 frilled lizards (D:1)
  4 gnoll zombies (Ossuary)
  3 jackal zombies (Ossuary)
  2 orc zombies (Ossuary)
  7 rats
289 creatures vanquished.

Vanquished Creatures (others)
  An orc wizard (D:8)
1 creature vanquished.

Grand Total: 290 creatures vanquished

Notes
Turn   | Place    | Note
-------+----------+-------------------------------------------
     0 | D:1      | mopl the Octopode Alchemist began the quest for the Orb.
     0 | D:1      | Reached XP level 1. HP: 11/11 MP: 3/3
   117 | D:1      | Reached XP level 2. HP: 17/17 MP: 1/5
   543 | D:1      | Reached XP level 3. HP: 21/21 MP: 4/6
  1085 | D:2      | Reached skill level 4 in Alchemy
  1119 | D:2      | Reached XP level 4. HP: 22/27 MP: 2/8
  1145 | D:2      | Learned a level 4 spell: Olgreb's Toxic Radiance
  1463 | D:2      | Found Betutat's Magic Scroll Shoppe.
  1466 | D:2      | Bought 3 scrolls of noise for 30 gold pieces
  1466 | D:2      | Bought a scroll of identify for 20 gold pieces
  1466 | D:2      | Bought a scroll of poison for 40 gold pieces
  1768 | D:2      | Bought a scroll of teleportation for 30 gold pieces
  2513 | D:2      | Bought a scroll of blinking for 75 gold pieces
  2642 | D:4      | Reached XP level 5. HP: 31/31 MP: 3/9
  2642 | D:4      | Found Lapt's Distillery.
  2690 | D:4      | Noticed Natasha
  2693 | D:4      | Killed Natasha
  2733 | D:4      | Noticed Natasha
  2760 | D:4      | Killed Natasha
  2937 | D:4      | Noticed Sigmund
  2995 | D:4      | Killed Sigmund
  2996 | D:4      | Reached skill level 5 in Alchemy
  2996 | D:4      | Reached XP level 6. HP: 36/36 MP: 4/11
  3074 | D:4      | Noticed Robin
  3084 | D:4      | Killed Robin
  3117 | D:4      | Noticed Pikel
  3134 | D:4      | Killed Pikel
  3135 | D:4      | Reached skill level 6 in Alchemy
  3135 | D:4      | Reached XP level 7. HP: 41/41 MP: 0/14
  3236 | D:4      | Reached skill level 5 in Spellcasting
  3236 | D:4      | Reached skill level 5 in Conjurations
  3236 | D:4      | Reached XP level 8. HP: 46/46 MP: 10/15
  3237 | D:4      | Noticed Edmund
  3302 | D:4      | Killed Edmund
  3363 | D:4      | Noticed Natasha
  3369 | D:4      | Killed Natasha
  3587 | D:5      | Entered Level 5 of the Dungeon
  3807 | D:5      | Reached skill level 7 in Alchemy
  4111 | D:4      | Bought a potion of attraction for 42 gold pieces
  4111 | D:4      | Bought a potion of berserk rage for 70 gold pieces
  4132 | D:4      | Learned a level 4 spell: Sticky Flame
  4709 | D:5      | Identified the +0 chain mail of the Orb {Int+3}
  4753 | D:5      | Identified the +3 chain mail of Resourcefulness {Rampage
                  | Str-2 Slay+2 Stlth+}
  5132 | D:6      | Found a sparkling altar of Nemelex Xobeh.
  5162 | D:6      | Found a sand-covered staircase.
  5172 | Ossuary  | Entered an ossuary
  5283 | Ossuary  | Reached XP level 9. HP: 33/51 MP: 18/18
  5362 | Ossuary  | Reached skill level 8 in Alchemy
  5618 | D:6      | Found a staircase to the Ecumenical Temple.
  5859 | D:6      | Reached skill level 9 in Alchemy
  5899 | D:6      | Found a hide-covered altar of Uskayaw.
  6080 | Temple   | Entered the Ecumenical Temple
  6123 | Temple   | Became a worshipper of Vehumet
  6385 | D:4      | Bought a potion of cancellation for 112 gold pieces
  6456 | D:7      | Reached XP level 10. HP: 53/56 MP: 16/21
  6790 | D:7      | Reached skill level 1 in Fighting
  6896 | D:7      | Found a blossoming altar of Fedhas.
  6951 | D:7      | Reached * piety under Vehumet
  6951 | D:7      | Offered knowledge of Foxfire by Vehumet.
  6973 | D:7      | Found an ancient bone altar of Kikubaaqudgha.
  6973 | D:7      | Noticed a purple ugly thing
  6974 | D:7      | Found a basalt altar of Yredelemnul.
  6974 | D:7      | Found a transporter.
  6974 | D:7      | Noticed a cyclops
  6975 | D:7      | Found an ornate altar of the Wu Jian Council.
  7290 | D:7      | Found Larchaamp's Magic Scroll Emporium.
  7293 | D:7      | Bought a scroll of revelation for 82 gold pieces
  7440 | D:2      | Bought a scroll of vulnerability for 40 gold pieces
  7622 | D:7      | Found a transporter.
  7905 | D:8      | Found a staircase to the Lair.
  8183 | D:8      | Found a glowing golden altar of the Shining One.
  8287 | D:8      | Reached skill level 10 in Alchemy
  8768 | D:8      | Reached ** piety under Vehumet
  8770 | D:8      | Offered knowledge of Momentum Strike by Vehumet.
  9351 | D:7      | Bought a scroll of fear for 44 gold pieces
  9351 | D:7      | Bought a scroll of immolation for 44 gold pieces
  9351 | D:7      | Bought a scroll of amnesia for 44 gold pieces
  9351 | D:7      | Bought a scroll of blinking for 82 gold pieces
  9439 | D:4      | Bought a potion of might for 56 gold pieces
  9871 | D:9      | Reached XP level 11. HP: 67/67 MP: 15/23
 10006 | D:10     | Entered Level 10 of the Dungeon
 10007 | D:10     | Noticed a two-headed ogre
 10033 | D:10     | Killed a two-headed ogre
 10039 | D:10     | Found a staircase to the Orcish Mines.
 10125 | D:10     | Found a flagged portal.
 10134 | Bailey   | Entered a bailey
 10412 | Bailey   | Offered knowledge of Stone Arrow by Vehumet.
 10413 | Bailey   | Reached skill level 11 in Alchemy
 10480 | Bailey   | Noticed a vault guard
 10506 | Bailey   | Killed a vault guard
 10587 | Bailey   | Noticed a vault guard
 10587 | Bailey   | Noticed Prince Ribbit
 10593 | Bailey   | Killed Prince Ribbit
 10618 | Bailey   | Killed a vault guard
 10742 | D:10     | Noticed a two-headed ogre
 10756 | D:10     | Killed a two-headed ogre
 10757 | D:10     | Reached skill level 10 in Conjurations
 10826 | D:10     | Reached *** piety under Vehumet
 11156 | D:10     | Noticed a cyclops
 11157 | D:10     | Hit by a large rock thrown by a cyclops

Illustrated notes

Levels and vault maps discovered:
D:1:      minmay_arrival_doors, layout_basic
D:2:      layout_loops_ring, serial_shops, nicolae_shop_rolled_up,
          minmay_increasing_density
D:3:      layout_basic
D:4:      layout_gridville, serial_shops, shop_fountains, uniq_edmund,
          uniq_sigmund, uniq_natasha, uniq_robin, uniq_pikel
D:5:      minmay_inner_zag, layout_layer_cave, minmay_misc_feat_ornament,
          columned_hall_lemuel
D:6:      layout_basic, lemuel_coloured_pillars_altar,
          nemelex_dance_club_becter, minmay_temple_entry_mist,
          gup_sewer_entry_pipe, mainiacjoe_ossuary_entry_dusty_tomb
D:7:      layout_basic, lemuel_crystal_altar, gammafunk_temple_overflow_arena,
          serial_shops, nicolae_shop_tiny_real_fake_doors
D:8:      kennysheep_blocky_hall, layout_basic, amcnicky_altar_gilded,
          david_lair_generic
D:9:      layout_loops_ring
D:10:     layout_long_grid, erik_orc_4, enter_bailey_4, minivault_25_ag
Temple:   regret_index_temple_generic_petals

Skill      XL: |  1  2  3  4  5  6  7  8  9 10 11 |
---------------+----------------------------------+-----
Conjurations   | 2 3 4 5 6 7 9 10 | 10.2
Alchemy        | 4 5 6 7 9 10 11 | 11.5
Spellcasting   | 3 4 5 6 7 8 9 |  9.6
Fighting       | 3 4 |  4.3
Dodging        | 3 4 |  4.7
Stealth        | |  2.6

Action                     |  1- 3 |  4- 6 |  7- 9 | 10-12 || total
---------------------------+-------+-------+-------+-------++-------
  Melee: Unarmed           |    39 |    22 |       |       ||    61
         Tentacles         |     9 |     6 |    59 |    29 ||   103
         Constrict         |     8 |    10 |    31 |    28 ||    77
         Staff             |       |    10 |   161 |    90 ||   261
         Punch             |       |       |     1 |     2 ||     3
   Cast: Sting             |    49 |    62 |    59 |    25 ||   195
         Olgreb's Toxic Ra |       |     4 |    29 |    60 ||    93
         Sticky Flame      |       |       |     6 |    36 ||    42
    Use: Scroll            |       |     4 |       |       ||     4
   Stab: Sleeping          |       |     1 |     3 |       ||     4
         Distracted        |       |       |       |     1 ||     1
 Armour: Skin              |    20 |    27 |   128 |    87 ||   262
  Dodge: Dodged            |    30 |    30 |   110 |    81 ||   251
  Block: Other             |     6 |    11 |    26 |    28 ||    71
         Reflection        |       |       |       |     2 ||     2
